 Dungeon Crawl Stone Soup version 0.30-a0-603-g51a0fb1b98 (webtiles) character file.

Game seed: 3172867774026701124

529232 Armakuni the Deadly Accurate (level 26, 0/197 HPs)
             Began as a Human Fighter on Jan 6, 2023.
             Was a High Priest of the Shining One.
             Killed from afar by an orb of fire (13 damage)
             ... with a bolt of fire
             ... on level 4 of the Realm of Zot on Jan 7, 2023.
             The game lasted 03:31:38 (64356 turns).

Armakuni the Deadly Accurate (Human Fighter)       Turns: 64356, Time: 03:31:38

Health: 0/197      AC: 38    Str: 21    XL:     26   Next: 89%
Magic:  3/45       EV: 10    Int: 13    God:    the Shining One [*****.]
Gold:   1701       SH: 28    Dex: 12    Spells: 25/42 levels left

rFire   + . .      SeeInvis .    a - +9 sacred scourge (holy)
rCold   + + .      Faith    .    P - +2 kite shield {AC+3}
rNeg    + + .      Spirit   .    b - +4 plate armour of Lugonu's Inspiration {rF+ Regen+ Int-2 Slay+2}
rPois   +          Reflect  .    Y - +0 helmet "Eluod" {+Blink rElec}
rElec   +          Harm     .    K - scarf {rC+ rF+}
rCorr   .          Rampage  .    u - +1 pair of gloves {hurl}
Will    ++...                    s - +1 pair of boots {Stlth+} Stlth
                                 (no amulet)
HPRegen 2.12/turn                A - ring of the Tortoise {AC+8}
MPRegen 0.29/turn                W - ring of Sugolluwn {rPois rC+ Will+ MP+9}

@: divinely shielded, wereblooded (expiring), glowing, studying 2 skills
A: clumsy 1, regeneration 1, heat vulnerability 1
}: 3/15 runes: decaying, serpentine, silver
a: Renounce Religion, Evoke Blink, Divine Shield, Cleansing Flame, Summon Divine
Warrior


You were on level 4 of the Realm of Zot.
You worshipped the Shining One.
The Shining One was extremely pleased with you.
You visited 10 branches of the dungeon, and saw 47 of its levels.
You also visited: Bailey.

You collected 10222 gold pieces.
You spent 8521 gold pieces at shops.

Inventory:

Hand Weapons
 a - a +9 sacred scourge of holy wrath (weapon)
Missiles
 d - 12 boomerangs
 y - 28 poisoned darts
 B - 8 javelins
 I - 112 stones
 L - 6 silver javelins (quivered)
 M - a boomerang of dispersal
Armour
 b - the +4 plate armour of Lugonu's Inspiration (worn) {rF+ Regen+ Int-2 Slay+2}
   (You found it on level 1 of the Realm of Zot)

   Int:       It affects your intelligence (-2).
   Slay:      It affects your accuracy & damage with ranged weapons and melee
   (+2).
   rF:        It protects you from fire.
   Regen:     It increases your rate of health regeneration.
 s - a +1 pair of boots of stealth (worn)
 u - a +1 pair of gloves of hurling (worn)
 K - a scarf of resistance (worn)
 P - a +2 kite shield of protection (worn)
 R - +3 gold dragon scales
 Y - the +0 helmet "Eluod" (worn) {+Blink rElec}
   (You bought it in a shop on level 4 of the Snake Pit)

   rElec:     It insulates you from electricity.
   +Blink:    It lets you blink.
Jewellery
 A - the ring of the Tortoise (left hand) {AC+8}
   (You found it on level 3 of the Lair of Beasts)

   [ring of protection]

   AC:        It affects your AC (+8).
 W - the ring of Sugolluwn (right hand) {rPois rC+ Will+ MP+9}
   (You took it off a vault sentinel on level 5 of the Vaults)

   [ring of protection from cold]

   rC:        It protects you from cold.
   rPois:     It protects you from poison.
   MP:        It affects your magic capacity (+9).
   Will:      It increases your willpower.
Wands
 c - a wand of charming (4)
 k - a wand of digging (17)
 r - a wand of roots (40)
 v - a wand of flame (109)
 F - a wand of polymorph (7)
 N - a wand of acid (3)
Scrolls
 f - 2 scrolls of summoning
 h - 6 scrolls of noise
 j - 4 scrolls of blinking
 o - 9 scrolls of teleportation
 p - 11 scrolls of vulnerability
 q - 8 scrolls of fog
 x - 7 scrolls of amnesia
 E - 2 scrolls of silence
 G - 4 scrolls of magic mapping
 J - 2 scrolls of immolation
 Q - 23 scrolls of identify
 Z - 4 scrolls of fear
Potions
 e - 11 potions of brilliance
 g - 8 potions of ambrosia
 i - 2 potions of magic
 n - 18 potions of flight
 t - 21 potions of curing
 z - a potion of might
 C - 7 potions of mutation
 D - 9 potions of haste
 H - 3 potions of cancellation
 O - 3 potions of resistance
 U - 6 potions of heal wounds
 V - 12 potions of lignification
Miscellaneous
 l - a box of beasts
 m - a phantom mirror


   Skills:
 - Level 13.9 Fighting
 - Level 18.6(18.7) Maces & Flails
 - Level 3.0(12.6) Staves
 - Level 19.0 Throwing
 + Level 14.7 Armour
 - Level 12.2 Dodging
 - Level 13.7 Shields
 + Level 8.6 Spellcasting
 - Level 10.0 Conjurations
 - Level 10.0 Translocations
 - Level 10.0 Transmutations
 - Level 5.0 Air Magic
 - Level 19.0 Invocations
 - Level 10.0 Evocations


You had 25 spell levels left.
You knew the following spells:

 Your Spells              Type           Power      Damage    Failure   Level
e - Vhi's Electric Charg  Tloc/Air       50%        N/A       34%         3
l - Lesser Beckoning      Tloc           62%        N/A       13%         3
m - Iskenderun's Mystic   Conj/Tloc      31%        2d8       38%         4
o - Teleport Other        Tloc           31%        N/A       13%         3
p - Passwall              Tmut/Erth      15%        N/A       45%         2
w - Wereblood             Tmut           31%        N/A       6%          2

Your spell library contained the following spells:

 Spells                   Type           Power      Damage    Failure   Level
 Apportation              Tloc           62%        N/A       4%          1
 Beastly Appendage        Tmut           62%        N/A       4%          1
 Gell's Gravitas          Tloc           31%        N/A       13%         3
 Foxfire                  Conj/Fire      72%        2x1d7     32%         1
 Kiss of Death            Conj/Necr      72%        2d10      32%         1
 Manifold Assault         Tloc           31%        N/A       38%         4
 Passage of Golubria      Tloc           31%        N/A       38%         4
 Dazzling Flash           Conj/Hex       36%        N/A       69%         3
 Hailstorm                Conj/Ice       18%        3d6       69%         3
 Kindle Blastsparks       Fire/Tloc/Air  36%        2d13      69%         3
 Spider Form              Tmut/Pois      18%        N/A       69%         3
 Stone Arrow              Conj/Erth      36%        3d9       69%         3
 Iskenderun's Battlesphe  Conj           31%        2d8       75%         5
 Sandblast                Erth           10%        2d5       95%         1
 Flame Wave               Conj/Fire      18%        2d7       97%         4
 Fulminant Prism          Conj/Hex       9%         3d6       97%         4
 Ice Form                 Ice/Tmut       18%        N/A       97%         4
 Sticky Flame             Conj/Fire      18%        2d4       97%         4
 Arcjolt                  Conj/Air       12%        1d22      97%         5
 Sublimation of Blood     Necr           5%         N/A       98%         2
 Confusing Touch          Hex            5%         N/A       100%        3
 Inner Flame              Hex/Fire       5%         N/A       100%        3
 Tukima's Dance           Hex            5%         N/A       100%        3
 Anguish                  Hex/Necr       2%         N/A       100%        4
 Animate Armour           Summ/Erth      10%        N/A       100%        4
 Animate Dead             Necr           5%         N/A       100%        4
 Dispel Undead            Necr           5%         3d7       100%        4
 Summon Lightning Spire   Summ/Air       12%        N/A       100%        4
 Agony                    Necr           5%         N/A       100%        5
 Fireball                 Conj/Fire      9%         3d6       100%        5
 Freezing Cloud           Conj/Ice/Air   9%         6-21      100%        5
 Lee's Rapid Deconstruct  Erth           2%         3d5*      100%        5
 Metabolic Englaciation   Hex/Ice        2%         N/A       100%        5
 Silence                  Hex/Air        6%         N/A       100%        5
 Summon Mana Viper        Hex/Summ       5%         N/A       100%        5
 Yara's Violent Unravell  Hex/Tmut       9%         3d6       100%        5
 Conjure Ball Lightning   Conj/Air       12%        3x3d6     100%        6
 Dispersal                Tloc           15%        N/A       100%        6
 Iron Shot                Conj/Erth      9%         9d3       100%        6
 Simulacrum               Ice/Necr       2%         N/A       100%        6
 Enfeeble                 Hex            2%         N/A       100%        7
 Orb of Destruction       Conj           15%        9d7       100%        7
 Spellforged Servitor     Conj/Summ      9%         N/A       100%        7
 Storm Form               Tmut/Air       12%        N/A       100%        7
 Summon Hydra             Summ           2%         N/A       100%        7
 Disjunction              Tloc           15%        N/A       100%        8
 Lehudib's Crystal Spear  Conj/Erth      9%         10d4      100%        8
 Maxwell's Capacitive Co  Air            9%         ∞         100%        8
 Chain Lightning          Conj/Air       12%        3d16      100%        9
 Fire Storm               Conj/Fire      9%         8d2       100%        9
 Polar Vortex             Ice            2%         N/A       100%        9
 Shatter                  Erth           2%         3d6*      100%        9


Dungeon Overview and Level Annotations

Branches:
Dungeon (15/15)            Temple (1/1) D:7            Lair (5/5) D:10
  Swamp (4/4) Lair:3        Snake (4/4) Lair:3        Slime (0/5) Lair:4
    Orc (2/2) D:10            Elf (0/3) Orc:2        Vaults (5/5) D:13
  Crypt (3/3) Vaults:2       Tomb (0/3) Crypt:3      Depths (4/4) D:15
    Zot (4/5) Depths:4     Bailey (visited)

Altars:
Ashenzari
Cheibriados
Dithmenos
Elyvilon
Fedhas
Gozag
Hepliaklqana
Kikubaaqudgha
Makhleb
Nemelex Xobeh
Okawaru
Qazlal
Ru
Sif Muna
Trog
Uskayaw
Vehumet
Wu Jian
Xom
Yredelemnul
Zin
The Shining One
Jiyva

Shops:
D:3 *   D:5 *   D:15 (   Orc:1 [   Orc:2 (=*![   Snake:4 [[   Vaults:3 =
Vaults:4 (   Vaults:5 [   Depths:1 =:=   Depths:2 =

Portals:
Hell: Depths:1 Depths:2 Depths:3 Depths:4
Abyss: Depths:3 Depths:4
Pandemonium: Depths:1 Depths:2
Ziggurat: Depths:2
Trove: D:12 (give +6 demon whip)

Annotations:
D:10 2 transporters, Sapher's ghost, novice TrEE
Lair:4 3 runed translucent doors, exclusion: 3 doors, Pycos's ghost, journeyman MeCK
Snake:4 1 runed translucent door, exclusion: door, Sapher's ghost, journeyman DEEE
Vaults:4 exclusion: orange crystal statue


Innate Abilities, Weirdness & Mutations

You are clumsy. (Dex -2)
Your natural rate of healing is unusually fast.
You are vulnerable to heat. (rF-)


Message History

You feel a bit better.
You kill the moth of wrath!
A moth of wrath comes into view.
You miss the orb of fire. You block the golden dragon's attack.
The golden dragon claws you but does no damage.
You block the golden dragon's attack.
You feel much better. You block the golden dragon's attack.
The golden dragon closely misses you.
The golden dragon tramples you but does no damage.
The golden dragon bites you!!
* * * LOW HITPOINT WARNING * * *
You block the golden dragon's attack. x2
The orb of fire emits a lurid red light.
Strange energies course through your body.
You feel clumsy.
You hit the orb of fire.
The orb of fire is lightly damaged.
The golden dragon bites you but does no damage.
You block the golden dragon's attack. x2
The orb of fire glows deep purple.
The bolt of fire hits you! You resist.
* * * LOW HITPOINT WARNING * * *
You whack the orb of fire!
The orb of fire is lightly damaged.
You block the golden dragon's attack. x2; The golden dragon closely misses you.
The orb of fire emits a lurid red light.
The bolt of fire hits you!! You resist.
* * * LOW HITPOINT WARNING * * *
You punish the moth of wrath, causing immense pain!!!
The moth of wrath is almost dead.
Your primal bloodlust is almost over.
You block the moth of wrath's attack. The golden dragon bites you!!
The Shining One protects you from harm!
The golden dragon claws you but does no damage.
You block the golden dragon's attack.
You whack the moth of wrath!
You feel a bit better.
You kill the moth of wrath!
The orb of fire emits a lurid red light.
The bolt of fire hits you! You resist.
You die...

#.# #####.#
##...#.#
#....#.#
#....#.#
#......#
#......#
###.D.†[##
#..@*.##.##
#..)†.###.###
#...### #yd.#
##### #...##
#....####..#
#.........#
##........#
#........#
######....X


You could see an orb of fire and a golden dragon (berserk).

Vanquished Creatures
  3 dread liches
  An ancient lich (Vaults:4)
  The ghost of Jyprain the Pyromancer, a veteran DrFE of Vehumet (Depths:4)
  Josephina (Zot:1)
  Bai Suzhen (Vaults:4)
  Frederick (Crypt:3)
  A Killer Klown (Zot:4)
  7 golden dragons
  Nikola (Swamp:4)
  A bone dragon (Depths:4)
  A shard shrike zombie (Crypt:3)
  Zenata (Crypt:3)
  An electric golem (Depths:4)
  15 tentacled monstrosities
  5 liches
  A shard shrike skeleton (Crypt:3)
  3 titans
  6 quicksilver dragons
  6 sphinxes
  A thorn hunter (Swamp:4)
  The ghost of Yteiw the Warrior, an adept HOMo of Beogh (Depths:1)
  11 ancient champions
  11 shadow dragons
  4 death cobs
  15 storm dragons
  9 tengu reavers
  2 draconian monks
  11 fire giants
  4 revenants
  2 deep elf sorcerers
  4 fenstrider witches
  3 iron dragons
  4 draconian knights
  6 frost giants
  6 nagarajas
  A ghost moth (Zot:3)
  15 vault wardens
  2 draconian scorchers
  A draconian shifter (Zot:1)
  2 spectral caustic shrikes (Depths:1)
  2 curse skulls (Crypt:1)
  7 ghouls
  2 reapers
  7 ironbound thunderhulks
  11 very ugly things
  2 draconian annihilators
  5 spriggan defenders
  2 orc warlords
  A draconian stormcaller (Zot:2)
  15 ironbound preservers
  10 vampire knights
  25 stone giants
  3 war gargoyles
  A juggernaut skeleton (Crypt:2)
  A caustic shrike skeleton (Crypt:3)
  9 green draconians
  5 bunyips
  A deep elf demonologist (Vaults:1)
  4 eleionomae
  10 black draconians
  4 dire elephants (Vaults:3)
  Azrael (D:13)
  10 red draconians
  4 spark wasps (Depths:2)
  4 purple draconians
  4 white draconians
  5 yellow draconians
  A blizzard demon (Depths:3)
  8 ettins
  A merfolk javelineer (Depths:2)
  2 green deaths (Swamp:4)
  11 jiangshi
  2 deep elf death magi
  A merfolk impaler (Depths:1)
  3 spectral golden dragons (Depths:1)
  A deep elf high priest (Vaults:5)
  2 quicksilver dragon zombies (Crypt:1)
  2 shambling mangroves
  7 eidola
  A fire dragon (Depths:4)
  10 yaktaur captains
  38 vault guards
  Fannar (D:11)
  An entropy weaver (Vaults:4)
  8 ice dragons
  A quicksilver dragon skeleton (Crypt:3)
  A peacekeeper (Vaults:2)
  2 rakshasas (Depths:1)
  8 great orbs of eyes
  4 ogre magi
  A hell beast (Depths:3)
  A salamander tyrant (Snake:4)
  A spectral tengu (Depths:1)
  8 hydras
  6 ironbound frosthearts
  4 spriggan air magi
  A ghost crab (Swamp:3)
  A fenstrider witch skeleton (Crypt:3)
  9 centaur warriors
  A juggernaut simulacrum (Depths:1)
  14 anacondas
  17 two-headed ogres
  7 boulder beetles
  2 death knights
  A hell hog (Depths:3)
  2 deep troll shamans
  18 naga warriors
  6 tengu warriors
  2 alligators
  3 death yaks
  2 orc high priests
  17 vampire magi
  9 deep troll earth magi
  4 shock serpents
  13 naga sharpshooters
  2 spectral storm dragons (Depths:1)
  5 spriggan berserkers
  2 soul eaters
  A hell knight (Vaults:5)
  2 storm dragon zombies (Crypt:3)
  A deep elf knight (Swamp:2)
  A titan skeleton (Crypt:1)
  6 iron trolls
  A sea snake (D:13)
  13 spriggans
  2 salamander mystics (Snake:2)
  2 shadow wraiths (Crypt:3)
  A bunyip zombie (Crypt:1)
  A glowing orange brain (Depths:2)
  4 goliath frogs
  16 skeletal warriors
  28 deep trolls
  A sea snake (shapeshifter) (Depths:3)
  6 swamp dragons
  6 flayed ghosts
  A glowing orange brain (shapeshifter) (Vaults:5)
  2 iron giant zombies (Crypt:3)
  A sixfirhy (Swamp:4)
  8 phantasmal warriors
  A spectral iron dragon (Depths:1)
  7 spriggan druids
  17 ironbound convokers
  6 lindwurms (Vaults:1)
  8 necromancers
  8 bog bodies
  An anaconda skeleton (Crypt:1)
  10 wizards
  6 naga ritualists
  A wolf spider (Vaults:5)
  8 harpies
  13 orc knights
  A deep elf pyromancer (D:15)
  22 ugly things
  5 will-o-the-wisps
  4 mana vipers
  2 oklob plants (Lair:4)
  8 orc sorcerers
  A faun (shapeshifter) (Vaults:4)
  A fire giant zombie (Crypt:3)
  5 cyclopes
  3 manticores
  28 moths of wrath
  13 salamanders
  16 vault sentinels
  2 guardian serpents
  A centaur zombie (D:10)
  28 black mambas
  19 naga magi
  2 dire elephant zombies (Crypt:3)
  A storm dragon simulacrum (Zot:1)
  A dire elephant skeleton (Crypt:3)
  19 cane toads
  2 orange demons (Swamp:4)
  A torpor snail (Lair:4)
  An unseen horror zombie (D:10)
  A gargoyle (D:13)
  Psyche (D:9)
  Maggie (D:7)
  A naga skeleton (Crypt:1)
  A shock serpent skeleton (Crypt:3)
  3 komodo dragons
  2 unseen horrors
  3 anaconda simulacra
  9 freezing wraiths
  2 kobold demonologists
  3 tengu conjurers
  A rime drake (Lair:3)
  An alligator snapping turtle skeleton (Crypt:2)
  A yaktaur (shapeshifter) (Vaults:5)
  A golden dragon simulacrum (Depths:1)
  A red draconian skeleton (Crypt:3)
  An efreet (D:13)
  35 yaktaurs
  A harpy zombie (Crypt:3)
  A mana viper zombie (Crypt:1)
  A sea snake skeleton (Crypt:3)
  A hellwing (Swamp:4)
  8 trolls
  A queen bee (Lair:2)
  11 tyrant leeches
  A mana viper skeleton (Crypt:1)
  A bloated husk (Swamp:1)
  3 shadow dragon simulacra (Depths:1)
  13 hornets
  A wolf spider simulacrum (D:15)
  6 dream sheep (Lair:5)
  3 polar bears
  A hornet (shapeshifter) (D:14)
  A harpy skeleton (Crypt:1)
  A hydra skeleton (Crypt:1)
  13 saltlings (Orc:2)
  19 blink frogs
  2 slime creatures
  An iron dragon simulacrum (Depths:1)
  A death drake skeleton (Crypt:1)
  An alligator skeleton (Crypt:1)
  2 shadows
  A culicivora (Vaults:5)
  6 wyverns
  A tyrant leech zombie (Crypt:2)
  6 vampires
  37 yaks
  2 fire elementals (D:14)
  8 water elementals
  9 wraiths
  A golden eye (shapeshifter) (D:15)
  A redback (shapeshifter) (Depths:4)
  3 chaos spawn (Swamp:4)
  A green draconian simulacrum (Zot:1)
  A steam dragon (D:6)
  4 redbacks
  16 vampire mosquitoes
  A neqoxec (Swamp:4)
  A black draconian simulacrum (Zot:1)
  A basilisk (D:14)
  A white draconian simulacrum (Zot:1)
  A fire bat zombie (Crypt:2)
  Menkaure (D:7)
  3 wargs
  8 swamp worms
  A glowing shapeshifter zombie (Crypt:2)
  An acid dragon (D:12)
  67 nagas
  Duvessa (D:5)
  A fire bat skeleton (Crypt:2)
  13 water moccasins
  A moth of wrath simulacrum (Zot:1)
  5 hell hounds
  3 ice beasts
  33 orc warriors
  A blink frog zombie (Crypt:1)
  A sky beast (D:8)
  4 ogres
  9 centaurs
  15 wolves
  A boggart (Vaults:3)
  A phantom (D:5)
  2 kobold brigands
  A gnoll sergeant (D:11)
  A komodo dragon zombie (Crypt:2)
  4 necrophages
  4 scorpions
  17 bullfrogs
  9 wights
  Dowan (D:5)
  29 killer bees
  10 electric eels
  2 jellies (D:6)
  A crimson imp (D:6)
  2 howler monkeys (D:10)
  14 orc priests
  A human zombie (D:10)
  3 iguanas
  4 hounds
  24 orc wizards
  A deep dwarf zombie (Crypt:2)
  4 mummies (D:10)
  A howler monkey zombie (D:10)
  6 gnolls
  13 adders
  2 swamp drake skeletons
  A shadow imp (D:8)
  2 white imps
  An ufetubus (D:6)
  A worm (D:3)
  2 dart slugs
  92 orcs
  8 bats
  7 endoplasms
  3 giant cockroaches
  10 goblins
  7 hobgoblins
  2 jackals (D:3)
  5 quokkas
  5 ball pythons
  An endoplasm zombie (Crypt:3)
  5 frilled lizards
  28 kobolds
  An orc skeleton (Crypt:2)
  A quokka skeleton (Crypt:2)
  8 rats
  A river rat skeleton (Crypt:3)
1759 creatures vanquished.

Vanquished Creatures (collateral kills)
  A bone dragon (Crypt:3)
  A profane servitor (Crypt:3)
  2 shadow dragons
  2 storm dragons
  5 vault wardens
  A ghoul (Crypt:3)
  2 ironbound preservers
  2 very ugly things (Vaults:5)
  A vampire knight (Crypt:3)
  An eleionoma (Swamp:1)
  A purple draconian (Depths:4)
  2 dire elephants
  2 yellow draconians (Zot:2)
  A red draconian (Depths:4)
  2 vault guards
  2 deep trolls (D:15)
  A deep elf archer (Swamp:2)
  A wizard (D:15)
  A necromancer (D:15)
  2 orc knights (Vaults:1)
  A lindwurm (Vaults:1)
  An orange demon (Swamp:4)
  2 hornets
  A slime creature (Vaults:1)
  A jumping spider (Vaults:1)
  3 spriggans
  3 vampire mosquitoes (Swamp:1)
  2 swamp worms
  3 orc warriors (Orc:2)
  An orc priest (Orc:2)
  A boggart skeleton (Crypt:3)
  2 orcs (Orc:2)
54 creatures vanquished.

Vanquished Creatures (others)
  A vault warden (Vaults:2)
  An orc warlord (Vaults:1)
  2 very ugly things (D:13)
  A war gargoyle (Vaults:2)
  A bunyip (Swamp:2)
  An ettin (D:15)
  An entropy weaver (Vaults:1)
  A fire dragon (Zot:2)
  An ice dragon (Depths:3)
  An anaconda (Snake:4)
  An ironbound frostheart (Vaults:1)
  An alligator (Swamp:3)
  A two-headed ogre (D:13)
  A naga warrior (Snake:4)
  5 death yaks
  A bog body (Swamp:2)
  3 lindwurms (Vaults:1)
  2 ugly things
  2 orc knights
  A guardian serpent (Snake:4)
  A naga mage (Snake:3)
  A tyrant leech (Swamp:4)
  2 bloated husks
  2 hornets (Swamp:3)
  3 slime creatures (Vaults:2)
  A yak (Lair:5)
  A neqoxec (Swamp:4)
  2 orc warriors (Vaults:2)
  An orc priest (Vaults:2)
  An orc (Vaults:2)
  A bush (Depths:1)
  A butterfly (Depths:1)
  32 foxfires
  37 fungi
  5 pillars of salt
  75 plants
195 creatures vanquished.

Grand Total: 2008 creatures vanquished

Notes
Turn   | Place    | Note
-------+----------+-------------------------------------------
     0 | D:1      | Armakuni the Human Fighter began the quest for the Orb.
     0 | D:1      | Reached XP level 1. HP: 18/18 MP: 1/1
    93 | D:1      | Reached XP level 2. HP: 23/24 MP: 2/2
   483 | D:2      | Reached XP level 3. HP: 21/28 MP: 3/3
   721 | D:2      | Reached XP level 4. HP: 34/35 MP: 4/4
  1204 | D:3      | Found Zioca's General Store.
  1213 | D:3      | Bought a scroll of fear for 48 gold pieces
  1213 | D:3      | Bought a potion of lignification for 36 gold pieces
  1409 | D:3      | Found a white marble altar of Elyvilon.
  1478 | D:3      | Became a worshipper of Elyvilon the Healer
  1668 | D:3      | Reached skill level 1 in Dodging
  1668 | D:3      | Reached XP level 5. HP: 25/41 MP: 5/5
  1903 | D:3      | Noticed a water moccasin
  1926 | D:3      | Killed a water moccasin
  1927 | D:3      | Reached skill level 5 in Maces & Flails
  1927 | D:3      | Reached XP level 6. HP: 47/47 MP: 6/6
  2017 | D:3      | Found a faded altar of an unknown god.
  2403 | D:4      | Noticed an ogre
  2421 | D:4      | Killed an ogre
  2422 | D:4      | Reached XP level 7. HP: 53/53 MP: 7/7
  2551 | D:4      | Reached * piety under Elyvilon
  2563 | D:4      | Found a bloodstained altar of Trog.
  2911 | D:4      | Found a radiant altar of Vehumet.
  3173 | D:4      | Reached skill level 5 in Fighting
  3173 | D:4      | Reached skill level 1 in Invocations
  3244 | D:4      | Found a shadowy altar of Dithmenos.
  3413 | D:5      | Entered Level 5 of the Dungeon
  3419 | D:5      | Noticed Duvessa
  3424 | D:5      | Noticed Dowan
  3428 | D:5      | Killed Dowan
  3429 | D:5      | Killed Duvessa
  3430 | D:5      | Reached skill level 1 in Evocations
  3430 | D:5      | Reached XP level 8. HP: 26/62 MP: 7/10
  3589 | D:5      | Found Anev Umi's General Store.
  3590 | D:5      | Reached ** piety under Elyvilon
  3595 | D:5      | Bought a scroll of identify for 22 gold pieces
  4788 | D:6      | Reached *** piety under Elyvilon
  4843 | D:6      | Reached skill level 5 in Evocations
  5020 | D:6      | Reached skill level 5 in Invocations
  5020 | D:6      | Reached XP level 9. HP: 36/68 MP: 12/12
  5131 | D:6      | Found a burning altar of Makhleb.
  5132 | D:6      | Found a shimmering altar of Xom.
  5321 | D:6      | Found a broken altar of Ashenzari.
  6037 | D:7      | Found a flagged portal.
  6046 | Bailey   | Entered a bailey
  6053 | Bailey   | Noticed an orc knight
  6135 | Bailey   | Reached skill level 1 in Throwing
  6140 | Bailey   | HP: 1/72 [orc knight/+0 war axe (10)]
  6145 | Bailey   | Killed an orc knight
  6812 | D:7      | Noticed Menkaure
  6820 | D:7      | Killed Menkaure
  6821 | D:7      | Reached XP level 10. HP: 44/79 MP: 15/15
  6961 | D:7      | Found a glowing silver altar of Zin.
  6961 | D:7      | Noticed an angel
  7424 | D:7      | Noticed Maggie
  7436 | D:7      | Killed Maggie
  7437 | D:7      | Reached skill level 5 in Throwing
  7763 | D:7      | Found a staircase to the Ecumenical Temple.
  7772 | Temple   | Entered the Ecumenical Temple
  7772 | Temple   | Found a transporter.
  7772 | Temple   | Found a transporter.
  7774 | Temple   | Found a transporter.
  7774 | Temple   | Found a transporter.
  9086 | D:9      | Reached **** piety under Elyvilon
  9246 | D:9      | Noticed Psyche
  9257 | D:9      | Killed Psyche
  9258 | D:9      | Reached skill level 10 in Invocations
  9387 | D:9      | Noticed an unseen horror
  9397 | D:9      | Killed an unseen horror
  9628 | D:9      | Reached skill level 5 in Armour
 10250 | D:9      | Reached XP level 11. HP: 77/86 MP: 18/18
 10291 | D:9      | Noticed a two-headed ogre
 10299 | D:9      | Killed a two-headed ogre
 10646 | D:10     | Entered Level 10 of the Dungeon
 10693 | D:10     | Found a transporter.
 10704 | D:10     | Found a staircase to the Lair.
 10709 | D:10     | Noticed a two-headed ogre
 10734 | D:10     | Killed a two-headed ogre
 10992 | D:10     | Found a transporter.
 11005 | D:10     | Noticed Sapher's ghost (novice TrEE)
 11522 | D:10     | Found a staircase to the Orcish Mines.
 11558 | D:10     | Reached skill level 10 in Fighting
 11918 | D:10     | Found an ancient bone altar of Kikubaaqudgha.
 11979 | D:10     | Reached XP level 12. HP: 71/97 MP: 19/19
 12244 | D:11     | Noticed Fannar
 12474 | D:11     | Killed Fannar
 12647 | D:11     | Noticed a two-headed ogre
 12658 | D:11     | Killed a two-headed ogre
 12659 | D:11     | Reached skill level 10 in Armour
 12730 | D:11     | Found an opulent altar of Gozag.
 12748 | D:11     | Noticed a boulder beetle
 12758 | D:11     | Killed a boulder beetle
 12786 | D:11     | Noticed a two-headed ogre
 12795 | D:11     | Killed a two-headed ogre
 13085 | D:11     | Noticed a two-headed ogre
 13094 | D:11     | Killed a two-headed ogre
 13196 | D:11     | Noticed a two-headed ogre
 13200 | D:11     | Killed a two-headed ogre
 13621 | D:12     | Noticed a two-headed ogre
 13629 | D:12     | Killed a two-headed ogre
 13897 | D:12     | Found a portal to a secret trove of treasure.
 14958 | D:13     | Noticed a skeletal warrior
 15157 | D:13     | Noticed a skeletal warrior
 15160 | D:13     | Noticed a skeletal warrior
 15165 | D:13     | Killed a skeletal warrior
 15165 | D:13     | Killed a skeletal warrior
 15166 | D:13     | Reached skill level 10 in Throwing
 15166 | D:13     | Reached XP level 13. HP: 103/103 MP: 20/20
 15267 | D:13     | Noticed Urug
 15268 | D:13     | Urug changed into Urug the sea snake
 15268 | D:13     | Noticed Urug
 15284 | D:13     | Killed Urug the sea snake
 15689 | D:13     | Noticed an ogre mage
 15704 | D:13     | Killed an ogre mage
 15874 | D:13     | Noticed a vault guard
 15874 | D:13     | Noticed a vault guard
 15874 | D:13     | Noticed a vault guard
 15875 | D:13     | Found a gate to the Vaults.
 15875 | D:13     | Noticed a vault guard
 15875 | D:13     | Noticed a vault guard
 15875 | D:13     | Noticed a vault guard
 15875 | D:13     | Noticed a vault guard
 15876 | D:13     | Noticed a vault guard
 15884 | D:13     | Killed a vault guard
 15885 | D:13     | Killed a vault guard
 15890 | D:13     | Killed a vault guard
 15892 | D:13     | Killed a vault guard
 15899 | D:13     | Killed a vault guard
 15903 | D:13     | Killed a vault guard
 15908 | D:13     | Killed a vault guard
 15919 | D:13     | Elyvilon protects you from harm!
 15920 | D:13     | Killed a vault guard
 16201 | D:13     | Noticed a centaur warrior
 16220 | D:13     | Killed a centaur warrior
 16814 | D:14     | Noticed Azrael
 17010 | D:13     | Killed Azrael
 17011 | D:13     | Reached XP level 14. HP: 83/110 MP: 21/21
 17531 | D:14     | Reached skill level 15 in Throwing
 17733 | D:14     | Learned a level 2 spell: Wereblood
 17736 | D:14     | Learned a level 2 spell: Passwall
 17761 | D:14     | Identified the +7 trident of Ragnarok {holy, Contam rF+
                  | Int+3}
 18238 | D:15     | Entered Level 15 of the Dungeon
 18480 | Lair:1   | Entered Level 1 of the Lair of Beasts
 20654 | Lair:3   | Found the ring of the Tortoise {AC+8}
 20905 | Lair:3   | You are sucked into a shaft and drop 1 floor!
 20905 | Lair:4   | Found a staircase to the Slime Pits.
 21131 | Lair:4   | Found a runed translucent gate.
 21140 | Lair:4   | Found a runed translucent gate.
 21570 | Lair:3   | Found a staircase to the Swamp.
 21751 | Lair:3   | Found a staircase to the Snake Pit.
 22083 | Lair:4   | Reached XP level 15. HP: 109/115 MP: 23/23
 22280 | Lair:4   | Found a runed translucent gate.
 22283 | Lair:4   | Noticed an azure jelly
 22284 | Lair:4   | Noticed an acid blob
 22285 | Lair:4   | Noticed a quicksilver ooze
 22285 | Lair:4   | Noticed an acid blob
 22285 | Lair:4   | Noticed an azure jelly
 22285 | Lair:4   | Noticed Pycos's ghost (journeyman MeCK)
 22285 | Lair:4   | Noticed an azure jelly
 22285 | Lair:4   | Noticed an azure jelly
 22286 | Lair:4   | Noticed an azure jelly
 22289 | Lair:4   | Found a viscous altar of Jiyva.
 22622 | Lair:5   | Entered Level 5 of the Lair of Beasts
 24001 | Orc:1    | Entered Level 1 of the Orcish Mines
 24215 | Orc:1    | Noticed an orc warlord
 24235 | Orc:1    | Killed an orc warlord
 24344 | Orc:1    | Found Xeohopnar's Armour Boutique.
 24355 | Orc:1    | Bought a +0 pair of gloves of hurling for 195 gold pieces
 24636 | Orc:2    | Entered Level 2 of the Orcish Mines
 24722 | Orc:2    | Found a shimmering blue altar of Sif Muna.
 24739 | Orc:2    | Got Sif Muna's Meditations on Soot
 24783 | Orc:2    | Found a staircase to the Elven Halls.
 24945 | Orc:2    | Found Buteg's Antique Armour Boutique.
 25300 | Orc:2    | Reached XP level 16. HP: 92/120 MP: 26/26
 25337 | Orc:2    | Found Vewoghil's Distillery.
 25343 | Orc:2    | Bought a potion of heal wounds for 65 gold pieces
 25343 | Orc:2    | Bought a potion of heal wounds for 65 gold pieces
 25343 | Orc:2    | Bought a potion of curing for 39 gold pieces
 25345 | Orc:2    | Bought a potion of cancellation for 104 gold pieces
 25361 | Orc:2    | Found Woirapad's Jewellery Shoppe.
 25434 | Orc:2    | Found Kufeta's Assorted Antiques.
 25441 | Orc:2    | Bought a scroll labelled VEPAGY PAGOREMI for 29 gold pieces
 25441 | Orc:2    | Bought a scroll of identify for 58 gold pieces
 25447 | Orc:2    | Acquired 1026 gold pieces
 25454 | Orc:2    | Bought a potion of heal wounds for 145 gold pieces
 25588 | Orc:2    | Found Feoleph's Antique Weapon Shoppe.
 25867 | Orc:2    | Bought a runed plate armour for 468 gold pieces
 25937 | Orc:2    | Bought a runed plate armour for 754 gold pieces
 26581 | D:15     | Found Piliz's Weapon Shoppe.
 26745 | D:15     | Found a staircase to the Depths.
 27212 | D:15     | Found the +18 shield of the Gong {rElec rN+ Will+ EV-5}
 27733 | Snake:1  | Entered Level 1 of the Snake Pit
 27951 | Snake:1  | Reached skill level 10 in Maces & Flails
 28322 | Snake:1  | Identified the +1 ring mail of the Saviour {+Inv Will-
                  | Int+4}
 28677 | Snake:1  | Reached XP level 17. HP: 112/128 MP: 27/27
 29250 | Snake:1  | Identified the +6 scale mail "Kausor" {rPois}
 29472 | Snake:2  | Identified the +1 flail "Caggia" {freeze, rF- rN++}
 29857 | Snake:2  | Reached skill level 15 in Invocations
 31701 | Snake:3  | Reached ***** piety under Elyvilon
 32183 | Snake:4  | Entered Level 4 of the Snake Pit
 32343 | Snake:4  | Found a runed translucent door.
 32380 | Snake:4  | Found Imiw's Antique Armour Shop.
 32380 | Snake:4  | Found Weerphip's Antique Armour Boutique.
 32437 | Snake:4  | Bought a glimmering helmet for 275 gold pieces
 32437 | Snake:4  | Identified the +0 helmet "Eluod" {+Blink rElec} (You bought
                  | it in a shop on level 4 of the Snake Pit)
 32486 | Snake:4  | Identified the +1 chain mail "Lufamaik" {rElec Regen+
                  | Dex-5}
 32636 | Snake:4  | Reached XP level 18. HP: 102/134 MP: 29/29
 33251 | Snake:4  | Noticed Sapher's ghost (journeyman DEEE)
 33530 | Snake:4  | Reached skill level 10 in Evocations
 33790 | Snake:4  | Got a serpentine rune of Zot
 34121 | Swamp:1  | Entered Level 1 of the Swamp
 34251 | Swamp:1  | Reached skill level 5 in Dodging
 34785 | Swamp:2  | Found a stormy altar of Qazlal.
 35940 | Swamp:3  | Reached XP level 19. HP: 140/140 MP: 30/30
 36111 | Swamp:3  | Reached skill level 10 in Dodging
 36132 | Swamp:3  | Acquired 721 gold pieces
 36353 | Swamp:4  | Entered Level 4 of the Swamp
 36353 | Swamp:4  | Noticed Nikola
 36362 | Swamp:4  | Killed Nikola
 36363 | Swamp:4  | Reached skill level 5 in Shields
 36697 | Swamp:4  | Noticed a tentacled monstrosity
 36712 | Swamp:4  | Killed a tentacled monstrosity
 36863 | Swamp:4  | Noticed a tentacled monstrosity
 36883 | Swamp:4  | Noticed a tentacled monstrosity
 36981 | Swamp:4  | Killed a tentacled monstrosity
 37243 | Swamp:4  | Identified the +5 long sword "Carutagh" {holy, Int+6}
 37254 | Swamp:4  | Noticed a tentacled monstrosity
 37258 | Swamp:4  | a tentacled monstrosity changed into a hellephant
 37258 | Swamp:4  | Noticed a hellephant
 37265 | Swamp:4  | Pacified a hellephant
 37371 | Swamp:4  | Reached skill level 1 in Staves
 37378 | Swamp:4  | Got a decaying rune of Zot
 37454 | Swamp:4  | Killed a tentacled monstrosity
 37968 | Vaults:1 | Entered Level 1 of the Vaults
 38846 | Vaults:1 | Reached skill level 10 in Shields
 39149 | Vaults:1 | You are sucked into a shaft and drop 1 floor!
 39408 | Vaults:1 | Reached XP level 20. HP: 75/147 MP: 31/31
 40455 | Vaults:2 | Upgraded the game from 0.30-a0-595-g91969c0fa5 to
                  | 0.30-a0-603-g51a0fb1b98
 40910 | Vaults:2 | Found a staircase to the Crypt.
 42044 | Temple   | Fell from the grace of Elyvilon
 42044 | Temple   | Became a worshipper of the Shining One
 42044 | Temple   | Reached * piety under the Shining One
 42331 | Crypt:1  | Entered Level 1 of the Crypt
 42422 | Crypt:1  | Reached ** piety under the Shining One
 42766 | Crypt:1  | Reached *** piety under the Shining One
 42951 | Crypt:1  | Paralysed by something for 5 turns
 43545 | Crypt:2  | Identified the +1 plate armour of the Eleven Things {Harm
                  | Will- Slay+3}
 43549 | Crypt:2  | Reached **** piety under the Shining One
 43695 | Crypt:2  | Reached XP level 21. HP: 115/150 MP: 27/32
 43778 | Crypt:2  | Reached ***** piety under the Shining One
 43811 | Crypt:2  | Reached skill level 15 in Maces & Flails
 43858 | Crypt:2  | Found the +6 Majin-Bo {vamp, MP+6 Int+6}
 44002 | Crypt:2  | Paralysed by a vampire knight for 4 turns
 44882 | Crypt:3  | Entered Level 3 of the Crypt
 44980 | Crypt:3  | Found an ancient bone altar of Kikubaaqudgha.
 45031 | Crypt:3  | Noticed Frederick
 45054 | Crypt:3  | Killed Frederick
 45528 | Crypt:3  | Noticed Zenata
 45529 | Crypt:3  | Reached ****** piety under the Shining One
 45551 | Crypt:3  | Killed Zenata
 45869 | Crypt:3  | Found a staircase to the Tomb.
 45888 | Crypt:3  | Identified the +0 arbalest of Ydduabe {drain, rF+++ rCorr
                  | Str-4}
 46183 | Crypt:3  | Identified the +7 short sword of Doom {freeze, Str+6}
 46212 | Crypt:3  | Reached XP level 22. HP: 159/159 MP: 34/34
 46220 | Crypt:3  | Noticed a profane servitor
 46245 | Crypt:3  | Killed a profane servitor
 46251 | Crypt:3  | Identified a +5 sacred scourge of holy wrath (a +3 demon
                  | whip of venom blessed by the Shining One)
 46251 | Crypt:3  | Received a gift from the Shining One
 46376 | Crypt:3  | Noticed a bone dragon
 46378 | Crypt:3  | Found an ancient bone altar of Kikubaaqudgha.
 46386 | Crypt:3  | Killed a bone dragon
 46389 | Crypt:3  | Found a basalt altar of Yredelemnul.
 46438 | Crypt:3  | Got the Verses on the Burn and Bad Luck
 47733 | Vaults:3 | Learned a level 4 spell: Iskenderun's Mystic Blast
 47737 | Vaults:3 | Learned a level 3 spell: Vhi's Electric Charge
 47741 | Vaults:3 | Learned a level 3 spell: Lesser Beckoning
 47813 | Vaults:3 | Reached skill level 1 in Spellcasting
 47813 | Vaults:3 | Reached skill level 1 in Translocations
 47813 | Vaults:3 | Reached skill level 1 in Air Magic
 48077 | Vaults:3 | Found Pucany's Jewellery Shop.
 48082 | Vaults:3 | Bought the ring of Ces Rame {rPois Will+ MP+9 Slay+2} for
                  | 452 gold pieces
 48726 | Vaults:3 | Learned a level 3 spell: Teleport Other
 49454 | Vaults:4 | Found Osanudd's Weapon Emporium.
 49501 | Vaults:4 | Bought a throwing net for 45 gold pieces
 49813 | Vaults:4 | Reached skill level 5 in Translocations
 49813 | Vaults:4 | Reached skill level 5 in Air Magic
 49883 | Vaults:4 | Found a transporter.
 49883 | Vaults:4 | Noticed Bai Suzhen
 49885 | Vaults:4 | Noticed a dread lich
 49893 | Vaults:4 | Noticed a golden dragon
 49903 | Vaults:4 | Found a transporter.
 49935 | Vaults:4 | Identified the ring "Tyz Teefao" {*Slow AC+4 Dex+4}
 49946 | Vaults:4 | The Shining One protects you from harm!
 50441 | Vaults:4 | Killed a dread lich
 50449 | Vaults:4 | Killed Bai Suzhen
 50450 | Vaults:4 | Reached XP level 23. HP: 151/165 MP: 35/36
 50521 | Vaults:4 | Identified the ring of Zyiz {rPois rCorr Int+4 Dex+3
                  | Stlth+}
 50610 | Vaults:5 | Entered Level 5 of the Vaults
 50611 | Vaults:5 | Noticed an ancient lich
 50615 | Vaults:5 | Reached skill level 10 in Translocations
 50851 | Vaults:4 | Killed an ancient lich
 50852 | Vaults:4 | Reached skill level 5 in Conjurations
 51428 | Vaults:5 | Noticed a golden dragon
 51498 | Vaults:5 | Noticed a dread lich
 51515 | Vaults:5 | Paralysed by a dread lich for 5 turns
 51516 | Vaults:5 | Identified the +1 troll leather armour "Utru" {rElec
                  | Regen+}
 51567 | Vaults:5 | Reached skill level 10 in Conjurations
 51746 | Vaults:5 | Reached XP level 24. HP: 75/174 MP: 36/36
 51846 | Vaults:5 | Noticed a golden dragon
 51872 | Vaults:5 | Killed a golden dragon
 52067 | Vaults:5 | Noticed a golden dragon
 52084 | Vaults:5 | Killed a golden dragon
 52087 | Vaults:5 | Killed a dread lich
 52451 | Vaults:5 | Identified the +3 bardiche of Conscience {heavy, +Blink
                  | Dex+2}
 52451 | Vaults:5 | Identified the ring of Sugolluwn {rPois rC+ Will+ MP+9}
 52479 | Vaults:4 | Killed a golden dragon
 52591 | Vaults:5 | Noticed a dread lich
 52651 | Vaults:4 | Killed a dread lich
 52864 | Vaults:5 | Identified the amulet of Axeejegu {Spirit Fragile rF+
                  | Regen+}
 53290 | Vaults:5 | Found Puecus's Armour Shop.
 53333 | Vaults:5 | Got the Parchment of Grisly Ice
 53648 | Vaults:5 | Identified the +4 plate armour of Nak Ageu {rC+}
 53654 | Vaults:5 | Got a silver rune of Zot
 53655 | Vaults:5 | Identified the ring of Discretion {rPois rN+ Str-2 Dex+7}
 54673 | Depths:1 | Entered Level 1 of the Depths
 54783 | D:15     | Reached skill level 1 in Transmutations
 55037 | Depths:1 | Found Ingo Niecwa's Jewellery Boutique.
 55040 | Depths:1 | Found Ahyogos's Book Shoppe.
 55041 | Depths:1 | Found Yticics's Jewellery Boutique.
 55049 | Depths:1 | Bought a manual of Dodging for 880 gold pieces
 55051 | Depths:1 | Bought the necklace of Bloodlust {*Rage Will++ Int-3
                  | Slay+6} for 1041 gold pieces
 55051 | Depths:1 | Found the necklace of Bloodlust {*Rage Will++ Int-3 Slay+6}
 55063 | Depths:1 | Gained mutation: Your spells are a little harder to cast,
                  | but a little more powerful. [potion of mutation]
 55064 | Depths:1 | Lost mutation: Your spells are a little harder to cast, but
                  | a little more powerful. [potion of mutation]
 55064 | Depths:1 | Gained mutation: Your natural rate of healing is unusually
                  | fast. [potion of mutation]
 55182 | Depths:1 | Found a gateway to Hell.
 55338 | Depths:1 | Found a runed translucent gate.
 55338 | Depths:1 | Found a runed translucent gate.
 55338 | Depths:1 | Found a runed translucent gate.
 55343 | Depths:1 | Noticed Yteiw's ghost (adept HOMo)
 55356 | Depths:1 | Found a white marble altar of Elyvilon.
 55370 | Depths:1 | You fall into a shaft and drop 1 floor!
 55398 | Depths:1 | Reached skill level 5 in Transmutations
 55925 | Depths:1 | Found a one-way gate leading to the halls of Pandemonium.
 56030 | Depths:1 | Killed Yteiw's ghost
 56044 | Depths:1 | Got the Almanac of the Geodesic
 56411 | Depths:2 | Reached XP level 25. HP: 190/190 MP: 36/36
 56624 | Depths:2 | Found a one-way gateway to a ziggurat.
 56829 | Depths:2 | Found Plog's Jewellery Emporium.
 56853 | Depths:2 | Bought the dreamshard necklace {*Dream Drain} for 3800 gold
                  | pieces
 56853 | Depths:2 | Found the dreamshard necklace {*Dream Drain}
 57269 | Depths:2 | Found a blossoming altar of Fedhas.
 57421 | Depths:3 | Reached skill level 10 in Transmutations
 57446 | Depths:3 | HP: 6/185 [tengu reaver/+0 glaive (17)]
 59018 | Depths:3 | Found a one-way gate to the infinite horrors of the Abyss.
 59360 | Depths:4 | Entered Level 4 of the Depths
 59776 | Depths:4 | Found a burning altar of Makhleb.
 60029 | Depths:4 | Found a runed translucent door.
 60031 | Depths:4 | Noticed Jyprain's ghost (veteran DrFE)
 60208 | Depths:4 | Found a gate to the Realm of Zot.
 60585 | Depths:4 | Killed Jyprain's ghost
 60705 | Zot:1    | Entered Level 1 of the Realm of Zot
 61167 | Zot:1    | Reached XP level 26. HP: 189/195 MP: 36/36
 61213 | Zot:1    | Identified the +4 plate armour of Lugonu's Inspiration {rF+
                  | Regen+ Int-2 Slay+2}
 61447 | Zot:1    | Identified the ring of Emamitee {Ice Str+2}
 61447 | Zot:1    | Noticed Josephina
 61461 | Zot:1    | Killed Josephina
 61995 | Zot:2    | Reached skill level 5 in Spellcasting
 64327 | Zot:4    | Noticed a Killer Klown
 64340 | Zot:4    | Killed a Killer Klown
 64346 | Zot:4    | Noticed an orb of fire
 64347 | Zot:4    | Gained mutation: You are vulnerable to heat. (rF-) [an orb
                  | of fire]
 64352 | Zot:4    | Gained mutation: You are clumsy. (Dex -2) [an orb of fire]
 64354 | Zot:4    | HP: 9/197 [orb of fire/bolt of fire (18)]
 64355 | Zot:4    | The Shining One protects you from harm!
 64356 | Zot:4    | Killed from afar by an orb of fire

Illustrated notes

Levels and vault maps discovered:
D:1:      dpeg_arrival_more_subterranean_lakeside_camping, layout_rooms
D:2:      layout_basic, kennysheep_big_empty_room
D:3:      minmay_chambers_of_threes, layout_basic, mainiacjoe_overflow_alcove_2,
          chequers_ecumenical_altar_simple, serial_shops, shop,
          minmay_misc_feat_more_columns
D:4:      layout_loops_ring, kennysheep_mini,
          mainiacjoe_overflow_six_doors_small, nicolae_vehumet_altar_sigil
D:5:      layout_loops_ring, serial_shops, nicolae_shop_crystal, uniq_duvessa
D:6:      layout_basic, grunt_temple_overflow_champion_of_chaos,
          mainiacjoe_overflow_paths, minivault_4, chequers_serial_rivers_micro_e
D:7:      layout_rooms, zin_angel, lemuel_temple_firewalk_b, enter_bailey_6,
          serial_bayou_pond_c, uniq_maggie, uniq_menkaure
D:8:      layout_loops_corners, wad_dig_loot
D:9:      layout_loops_corners, special_room [special_room_orc], uniq_psyche
D:10:     layout_basic, lemuel_mausoleum_altar_kikubaaqudgha,
          erik_lair_orcish_takeover, orc_0_dummy, gammafunk_ghost_stat_death
D:11:     layout_stronghold, nicolae_gozag_cash_rules_everything_around_me,
          uniq_fannar
D:12:     layout_layer_cave, enter_trove_2
D:13:     layout_roguey, erik_vaults_2, chequers_big_river, feat_on_display,
          uniq_urug
D:14:     layout_small_grid, uniq_azrael
D:15:     hangedman_depths_entry_civil_slaughter, layout_basic, serial_shops,
          nicolae_shop_waterfront, hellmonk_guarded_unrand_gong
Temple:   hellmonk_temple_divided_pantheon
Lair:1:   layout_misc_corridors
Lair:2:   layout_loops_ring, special_room [special_room_bee]
Lair:3:   layout_roguey, minmay_swamp_entry_worms,
          minmay_snake_entry_guardpost_medium,
          eino_small_chamber_without_monster
Lair:4:   layout_loops_ring, minmay_slime_entry_oklob_open,
          gammafunk_ghost_ooze, fungi_pond_lemuel
Lair:5:   minmay_lair_end_frog_pond, layout_cave_shapes
Swamp:1:  layout_basic_swamp, evilmike_swamp_ruin_house_5, swamp_pool3,
          nicolae_swamp_bean_lake
Swamp:2:  layout_falls_marsh, lemuel_altar_in_water2, swamp_pool3,
          beargit_elvish_explorers
Swamp:3:  layout_basic_swamp, evilmike_swamp_ruin_house_2
Swamp:4:  nzn_swamp_witches_coven, layout_basic_swamp, swamp_pool1, uniq_nikola
Snake:1:  layout_basic, hangedman_snake_sidewinding, grunt_megastairs_3
Snake:2:  layout_grid_maze, nicolae_snake_linked_coils,
          nicolae_snake_guarding_the_ruins
Snake:3:  layout_onion_interference, nicolae_fountain_basement
Snake:4:  grunt_snake_rune_serpentine_throne, layout_onion,
          ebering_ghost_reflecting_pool, minmay_shoptagon
Orc:1:    layout_caves, basic_altar, serial_shops, shop_coins,
          minmay_orc_barracks
Orc:2:    hellmonk_orc_salted, layout_caves, basic_altar, serial_shops,
          nicolae_shop_temple_entry_statues_fountains, led_sif_book
Vaults:1: v_misc_13, nicolae_vaults_what_the_h, st_cross,
          hangedman_vaults_stagger, hangedman_vaults_cutoff, v_misc_27,
          grunt_vaults_swirl, nicolae_vaults_disjoint_gnomons, vaults_dpeg_ring,
          ontoclasm_vaults_pinch, layout_vaults_ring
Vaults:2: nicolae_vaults_sealed_display, nicolae_vaults_bisected_slash,
          ontoclasm_vaults_chip, nicolae_vaults_twisting_passages, v_misc_23,
          nicolae_vaults_theta, v_pattern_2, special_room_vaults
          [special_room_orc], nicolae_vaults_yaktaur_gun_rack,
          layout_vaults_omnigrid, minmay_crypt_entry_simple_box
Vaults:3: serial_ice_h, nicolae_vaults_little_squares_4,
          hangedman_vaults_corner_blocks, vaults_mumra_lcd,
          nicolae_vaults_border_crossing,
          vaults_standard_mumra_enter_the_diamond,
          nicolae_vaults_network_quincunx
          [nicolae_vaults_network_quincunx_subvault,
          nicolae_vaults_network_quincunx_subvault,
          nicolae_vaults_network_quincunx_subvault,
          nicolae_vaults_network_quincunx_subvault,
          nicolae_vaults_network_quincunx_subvault],
          ontoclasm_vaults_ring_small, ontoclasm_vaults_ring_small,
          vaults_room_large_hall, v_alt_pattern_3, serial_ice_g, v_misc_1,
          ontoclasm_vaults_bender, nicolae_vaults_big_angled_halls, v_pattern_5,
          nicolae_vaults_little_squares_4, layout_vaults_omnibox, serial_shops,
          nicolae_shop_hallway_plus
Vaults:4: v_misc_1, nicolae_vaults_network_s, v_misc_11,
          ontoclasm_vaults_ring_small, nicolae_vaults_little_squares_5,
          v_misc_30, hangedman_vaults_trim, ontoclasm_vaults_twist,
          hangedman_vaults_restitches, v_misc_13, vaults_room_grid,
          gammafunk_sealed_arena, layout_vaults_maze_bifur, serial_shops,
          nicolae_shop_bloodbath_and_beyond, uniq_bai_suzhen
Vaults:5
Crypt:1:  layout_gridlike, grunt_megastairs_4
Crypt:2:  minmay_guarded_unrand_majin_bo, layout_chaotic_city,
          grunt_ministairs_12, st_vampire_maze
Crypt:3:  lightli_unholy_cathedral, layout_chaotic_city, basic_altar,
          uniq_margery, uniq_zenata, uniq_frederick
Depths:1: layout_gridlike, minmay_misc_feat_four_crosses,
          pf_vacation_house_of_asmodeus, pan_entry, gammafunk_ghost_necromancy,
          minivault_1, kennysheep_doodads, nicolae_elyvilon_peaceful_grove,
          minmay_shop_grove
Depths:2: minmay_inside_and_out, layout_gridlike, enter_ziggurat_c, hell_entry,
          fedhas_altar_fruit_tree, grunt_pan_entry_sceptre, serial_shops,
          nicolae_shop_window_shopping, infiniplex_staircase_zigzag_2
Depths:3: kb_forest_paths, layout_gridlike, grunt_mini_vestibule, abyss_entry
Depths:4: evilmike_zot_entry_diamond, layout_honeycomb,
          ebering_ghost_inner_flame, abyss_entry, hell_entry,
          nicolae_benzene_ring, makhleb_altar_promises_db
Zot:1:    layout_misc_corridors, st_stairs_5, drop_trap, uniq_josephina
Zot:2:    layout_concentric_octagons, st_small_dragon_hoard_2
Zot:3:    layout_basic
Zot:4:    dreamdust_zin_vs_xom, layout_misc_corridors, zot_minivault_1

Skill      XL: |  1  2  3  4  5  6  7  8  9 10 11 12 13 14 15 16 17 18 19 20 21 22 23 24 25 26 |
---------------+-------------------------------------------------------------------------------+-----
Maces & Flails | 3 5 11 12 14 15 18 | 18.6
Shields        | 4 11 13 | 13.7
Dodging        | 1 2 9 10 12 | 12.2
Fighting       | 5 7 8 10 13 | 13.9
Armour         | 4 5 9 10 12 14 | 14.7
Invocations    | 2 5 7 10 13 14 15 17 19 | 19.0
Evocations     | 1 5 7 10 | 10.0
Throwing       | 4 5 10 14 17 18 19 | 19.0
Staves         | 3 |  3.0
Spellcasting   | 3 8 |  8.6
Translocations | 8 10 | 10.0
Air Magic      | 5 |  5.0
Conjurations   | 10 | 10.0
Transmutations | 8 10 | 10.0

Action                   |  1- 3 |  4- 6 |  7- 9 | 10-12 | 13-15 | 16-18 | 19-21 | 22-24 | 25-27 || total
-------------------------+-------+-------+-------+-------+-------+-------+-------+-------+-------++-------
Melee: Flail             |    86 |   134 |   245 |   566 |  1134 |  1064 |   841 |       |       ||  4070
       Dagger            |       |       |    30 |    13 |       |       |       |       |       ||    43
       Rapier            |       |       |    68 |       |       |       |       |       |       ||    68
       Morningstar       |       |       |       |       |       |       |   845 |    18 |       ||   863
       Sacred scourge    |       |       |       |       |       |       |       |  1680 |  1604 ||  3284
Throw: Boomerang         |       |       |    13 |    66 |   164 |   432 |    15 |    10 |     3 ||   703
       Dart              |       |       |     6 |     4 |    38 |     4 |     9 |       |       ||    61
       Javelin           |       |       |       |       |    15 |    19 |    78 |       |    12 ||   124
       Stone             |       |       |       |       |       |       |       |    10 |       ||    10
       Throwing net      |       |       |       |       |       |       |       |     1 |       ||     1
 Cast: Vhi's Electric Ch |       |       |       |       |       |       |       |    32 |     9 ||    41
       Wereblood         |       |       |       |       |       |       |       |       |     7 ||     7
       Iskenderun's Myst |       |       |       |       |       |       |       |       |     2 ||     2
       Lesser Beckoning  |       |       |       |       |       |       |       |       |     1 ||     1
Invok: Purification      |       |       |     1 |     3 |     2 |     3 |     3 |       |       ||    12
       Heal Self         |       |       |     4 |    23 |    19 |    18 |     9 |       |       ||    73
       Heal Other        |       |       |       |       |     9 |    24 |    11 |       |       ||    44
       Cleansing Flame   |       |       |       |       |       |       |    27 |    58 |    28 ||   113
       Divine Shield     |       |       |       |       |       |       |     3 |    17 |    14 ||    34
       Summon Divine War |       |       |       |       |       |       |       |     1 |       ||     1
       Brand Weapon With |       |       |       |       |       |       |       |     1 |       ||     1
Evoke: Wand              |       |       |    17 |    24 |    16 |    23 |    43 |     9 |     2 ||   134
       Lightning rod     |       |       |       |       |       |     8 |     7 |     4 |       ||    19
       Box of beasts     |       |       |       |       |       |     3 |     2 |     6 |     3 ||    14
       Phantom mirror    |       |       |       |       |       |       |       |     4 |     1 ||     5
  Use: Scroll            |     2 |     6 |     6 |    14 |     9 |    10 |    12 |     4 |     6 ||    69
       Potion            |       |     3 |     1 |       |     4 |     1 |    10 |     7 |     2 ||    28
 Stab: Sleeping          |       |     1 |       |       |       |       |       |       |       ||     1
       Distracted        |       |       |       |       |       |     1 |     2 |       |       ||     3
       Invisible         |       |       |       |       |       |       |     2 |       |       ||     2
Armor: Scale mail        |    44 |       |   151 |    21 |       |       |       |       |       ||   216
       Leather armour    |    15 |    10 |       |       |       |       |       |       |       ||    25
       Skin              |       |    21 |       |       |       |       |       |       |       ||    21
       Ring mail         |       |    24 |       |       |       |       |       |       |       ||    24
       Swamp dragon scal |       |       |       |   199 |   805 |   748 |   755 |   575 |   346 ||  3428
       Plate armour      |       |       |       |       |       |       |       |       |   363 ||   363
Dodge: Dodged            |    57 |    57 |   162 |   305 |   767 |   553 |   697 |   474 |   411 ||  3483
       Repelled          |       |       |       |       |       |       |       |     7 |       ||     7
Block: Buckler           |    21 |    45 |    96 |   142 |   340 |   236 |    68 |       |       ||   948
       Kite shield       |       |       |       |       |       |       |  1006 |  1139 |  1080 ||  3225

Table legend: (Time is in decaauts)
 A = Elapsed time spent in this place.
 B = Non-inter-level travel time spent in this place.
 C = Inter-level travel time spent in this place.
 D = Time resting spent in this place.
 E = Time spent auto-exploring this place.
 F = Levels seen in this place.
 G = Mean time per level.
                   A        B        C        D        E       F      G
               +--------+--------+--------+--------+--------+-----+--------+
         Total |  63326 |  58463 |   4863 |  10459 |  31275 |  48 | 1319.3 |
       Dungeon |  21685 |  19311 |   2374 |   3460 |  11725 |  15 | 1445.7 |
        Temple |     75 |     39 |     36 |      0 |      6 |   1 |   75.0 |
          Lair |   5629 |   5242 |    387 |    579 |   2882 |   5 | 1125.8 |
         Swamp |   3607 |   3476 |    131 |    927 |   1246 |   4 |  901.8 |
     Snake Pit |   6091 |   5678 |    413 |   1142 |   2813 |   4 | 1522.8 |
  Orcish Mines |   2043 |   1862 |    181 |    162 |    879 |   2 | 1021.5 |
        Vaults |  10027 |   9414 |    613 |   2072 |   4393 |   5 | 2005.4 |
         Crypt |   4370 |   3816 |    554 |    461 |   1973 |   3 | 1456.7 |
        Depths |   5991 |   5902 |     89 |   1186 |   3254 |   4 | 1497.8 |
           Zot |   3028 |   2947 |     81 |    237 |   1860 |   4 |  757.0 |
        Bailey |    777 |    777 |      0 |    230 |    243 |   1 |  777.0 |
               +--------+--------+--------+--------+--------+-----+--------+

Top non-repeatable levels by time:
    D:13: 2988 daAuts
Vaults:4: 2521 daAuts
    D:10: 2043 daAuts
Vaults:2: 2016 daAuts
Vaults:5: 1943 daAuts
 Crypt:2: 1813 daAuts
Vaults:3: 1790 daAuts
Vaults:1: 1756 daAuts
 Snake:1: 1730 daAuts
     D:9: 1683 daAuts
    D:15: 1678 daAuts
Depths:3: 1652 daAuts
  Lair:2: 1594 daAuts
Depths:4: 1588 daAuts
 Snake:4: 1569 daAuts
